 Dungeon Crawl Stone Soup version 0.27-a0-1083-gcf8293e1eb (webtiles) character file.

Game seed: 7225887472566086004

705 EnegeticOcto the Cleaver (level 7, -1/38 (61) HPs)
             Began as a Deep Dwarf Delver on Apr 26, 2021.
             Was an Initiate of Ru.
             Slain by a wight
             ... wielding a +3 short sword
              (2 damage)
             ... on level 7 of the Dungeon.
             The game lasted 00:04:31 (624 turns).

EnegeticOcto the Cleaver (Deep Dwarf Delver)         Turns: 624, Time: 00:04:32

HP:   -1/38 (61)    AC:  6    Str: 17    XL:     7   Next: 39%
MP:   4/4           EV: 10    Int: 11    God:    Ru [......]
Gold: 29            SH:  0    Dex: 14    Spells: 6/6 levels left

rFire    + . .     SeeInvis .   a - +0 hand axe
rCold    . . .     Faith    .   (no shield)
rNeg     . . .     Spirit   .   i - +0 scale mail
rPois    .         Reflect  .   (no helmet)
rElec    .         Harm     .   (no cloak)
rCorr    .         Rampage  .   (no gloves)
Will     +....                  (no boots)
Stlth    ++........             (no amulet)
HPRegen  0.00/turn              k - ring of protection from fire
MPRegen  0.09/turn              (no ring)

@: non-regenerating, very heavily drained
A: damage resistance, heal wounds, sense surroundings 1, no regeneration
a: Heal Wounds, Renounce Religion


You were on level 7 of the Dungeon.
You worshipped Ru.
Ru was noncommittal.
You visited 2 branches of the dungeon, and saw 5 of its levels.

You collected 29 gold pieces.

Inventory:

Hand Weapons
 a - a +0 hand axe (weapon)
Armour
 b - a +0 leather armour
 i - a +0 scale mail (worn)
   (You found it on level 4 of the Dungeon)
Jewellery
 k - a ring of protection from fire (left hand)
   (You found it on level 6 of the Dungeon)
Wands
 g - a wand of digging (2) {@v3}
 m - a wand of mindburst (5)
   (You found it on level 6 of the Dungeon)
Scrolls
 c - 2 scrolls of fog {!r}
 d - a scroll of magic mapping {@r5 !r}
 e - a scroll of fear {!r}
 h - a scroll of amnesia
 l - a scroll of noise
Potions
 f - a potion of haste {@q4 !q}


   Skills:
 + Level 2.8 Fighting
 * Level 9.1 Axes
 - Level 2.1 Dodging
 - Level 6.0 Stealth
 + Level 0.3 Spellcasting


You had 6 spell levels left.
You didn't know any spells.
Your spell library was empty.

Dungeon Overview and Level Annotations

Branches:
Dungeon (7/15)             Temple (1/1) D:4

Altars:
Ru
Sif Muna
Trog
Wu Jian
Zin
Beogh

Annotations:
D:6 3 runed translucent doors, tabo's ghost, novice DjGl


Innate Abilities, Weirdness & Mutations

You are resistant to damage.
You can heal yourself by infusing magical energy.
You passively map a small area around you.
You do not regenerate.


Message History

The wight closely misses you. x2
You hit the wight but do no damage. You hit the wight. You slash the wight!
The wight barely misses you. x2
You hit the wight but do no damage. You closely miss the wight. x2
The wight hits you with a +2 spear.
You feel drained. The wight barely misses you.
The wight hits you with a +0 morningstar!
You closely miss the wight.
Your scale mail prevents you from hitting the wight.
You hit the wight. You hit the wight but do no damage.
The wight barely misses you. The wight hits you with a +2 spear.
The wight hits you with a +5 mace of freezing.
The wight freezes you. The wight closely misses you.
You hit the wight.
The wight is moderately damaged.
You hit the wight. You closely miss the wight. x2
The wight hits you with a +3 short sword.
You feel drained. The wight hits you with a +2 spear.
The wight barely misses you. The wight closely misses you.
You hit the wight.
The wight is moderately damaged.
You hit the wight. You closely miss the wight. You hit the wight.
The wight misses you. The wight closely misses you.
You feel much better.
The wight hits you with a +0 morningstar!
The wight hits you with a +5 mace of freezing!
The wight freezes you.
The wight hits you with a +3 short sword.
You feel drained. The wight hits you with a +2 spear!
You feel drained.
You barely miss the wight.
The wight is moderately damaged.
You closely miss the wight. You hit the wight but do no damage.
You barely miss the wight. The wight closely misses you.
The wight barely misses you.
The wight hits you with a +3 short sword.
The wight closely misses you.
You hit the wight.
The wight is severely damaged.
You closely miss the wight. x2; You hit the wight.
The wight closely misses you.
The wight hits you with a +5 mace of freezing!
* * * LOW HITPOINT WARNING * * *
The wight freezes you.
* * * LOW HITPOINT WARNING * * *
The wight hits you but does no damage. The wight hits you with a +2 spear.
* * * LOW HITPOINT WARNING * * *
You feel drained.
You feel much better. The wight barely misses you.
The wight hits you but does no damage.
The wight hits you with a +3 short sword.
You feel drained. The wight completely misses you.
You hit the wight.
The wight is severely damaged.
You hit the wight but do no damage. x2; You barely miss the wight.
The wight hits you with a +0 morningstar.
You feel drained.
The wight hits you with a +5 mace of freezing!
The wight freezes you. The wight completely misses you.
You hit the wight.
The wight is almost destroyed.
You hit the wight but do no damage. You closely miss the wight.
You barely miss the wight. The wight hits you with a +2 spear!
You feel drained.
The wight hits you with a +5 mace of freezing!
* * * LOW HITPOINT WARNING * * *
You feel drained. The wight freezes you. The wight closely misses you.
You feel much better.
The wight hits you with a +3 short sword.
You feel drained. The wight closely misses you.
The wight hits you with a +5 mace of freezing.
The wight freezes you. The wight barely misses you.
You hit the wight but do no damage.
The wight is almost destroyed.
You hit the wight but do no damage. x2; You closely miss the wight.
The wight barely misses you. x2
The wight hits you with a +5 mace of freezing.
The wight freezes you. The wight barely misses you.
Your scale mail prevents you from hitting the wight.
The wight is severely damaged.
You barely miss the wight. You hit the wight.
You hit the wight but do no damage. The wight hits you but does no damage.
The wight hits you with a +2 spear.
You feel drained.
The wight hits you with a +0 morningstar.
You feel drained.
The wight hits you with a +5 mace of freezing.
The wight freezes you.
You closely miss the wight.
The wight is severely damaged.
You hit the wight. You hit the wight but do no damage. You hit the wight.
The wight hits you with a +3 short sword!
The wight barely misses you.
You hit the wight but do no damage.
The wight is severely damaged.
You hit the wight. You closely miss the wight. You barely miss the wight.
The wight barely misses you.
The wight hits you with a +5 mace of freezing!
* * * LOW HITPOINT WARNING * * *
You feel drained. The wight freezes you.
* * * LOW HITPOINT WARNING * * *
The wight hits you with a +3 short sword.
You die...

,,
..##....#.#......>......#
##.......#.#....#.......#
..#....#...#...#######..#
#......##<.......# ##..
.................# #..
.................#* #.. ,
..................#** ##.
........z........## .
.......z@.##.####(. * , *
, ........zz##.# ### ,
#..#......§§§§ * , #.
##...#§§§§§# *** * .
*#....##§§§## , ,.......
§§§#, , ........*§§§#
......[ §§§# , , *


You could see 4 wights.

Vanquished Creatures
  A wyvern (D:7)
  A steam dragon (D:6)
  A water moccasin (D:6)
  An ice beast (D:7)
  An ogre (D:6)
  A jelly (D:6)
  A hound (D:6)
  2 orc wizards (D:7)
  An adder (D:6)
  A shadow imp (D:6)
  3 orcs
  An endoplasm (D:4)
  A hobgoblin (D:4)
  4 jackals (D:4)
  A quokka (D:4)
21 creatures vanquished.

Notes
Turn   | Place    | Note
-------+----------+-------------------------------------------
     0 | D:5      | EnegeticOcto the Deep Dwarf Delver began the quest for the
                  | Orb.
     0 | D:5      | Reached XP level 1. HP: 20/20 MP: 1/1
    14 | D:4      | Found a staircase to the Ecumenical Temple.
    34 | Temple   | Entered the Ecumenical Temple
    40 | Temple   | Became a worshipper of Ru the Awakened
    79 | D:4      | Noticed an ogre
   148 | D:4      | Reached skill level 3 in Axes
   148 | D:4      | Reached XP level 2. HP: 25/27 MP: 2/2
   176 | D:5      | Noticed a water moccasin
   221 | D:6      | Reached skill level 4 in Axes
   221 | D:6      | Reached XP level 3. HP: 20/33 MP: 3/3
   233 | D:6      | Noticed a water moccasin
   255 | D:6      | Killed a water moccasin
   256 | D:6      | Reached skill level 5 in Axes
   256 | D:6      | Reached XP level 4. HP: 19/40 MP: 4/4
   256 | D:6      | Reached XP level 5. HP: 22/46 MP: 5/5
   259 | D:6      | Found a bloodstained altar of Trog.
   260 | D:6      | Found a runed translucent gate.
   260 | D:6      | Found a runed translucent gate.
   261 | D:6      | Found a runed translucent gate.
   261 | D:6      | Noticed an orc warrior
   261 | D:6      | Noticed an orc warrior
   262 | D:6      | Noticed tabo's ghost (novice DjGl)
   342 | D:6      | Noticed an ogre
   364 | D:6      | Noticed a steam dragon
   366 | D:6      | Noticed a steam dragon
   394 | D:6      | Reached skill level 6 in Axes
   409 | D:6      | Killed an ogre
   410 | D:6      | Reached skill level 7 in Axes
   410 | D:6      | Reached XP level 6. HP: 32/55 MP: 6/6
   432 | D:6      | Killed a steam dragon
   449 | D:7      | Noticed an ice beast
   471 | D:7      | Killed an ice beast
   472 | D:7      | Reached skill level 8 in Axes
   482 | D:7      | Noticed a wyvern
   505 | D:7      | Your magical essence is drained by the effort!
   516 | D:7      | Your magical essence is drained by the effort!
   521 | D:7      | Your magical essence is drained by the effort!
   534 | D:7      | Killed a wyvern
   535 | D:7      | Reached skill level 9 in Axes
   535 | D:7      | Reached XP level 7. HP: 34/61 MP: 4/4
   624 | D:7      | HP: 1/38 [wight/+5 mace of freezing (3)]
   624 | D:7      | Slain by a wight

Illustrated notes

Levels and vault maps discovered:
D:4:      layout_loops_cross, minmay_temple_entry_large_hall,
          minmay_misc_feat_diagonals
D:5:      layout_rooms
D:6:      cheibrodos_steamvent, layout_rooms, trog_wizard,
          biasface_ghost_orc_armoury
D:7:      layout_layer_cave, makhleb_heckhound_becter,
          beargit_hepliaklqana_dungeon_heroes, eino_tiny_chamber, uniq_maggie
Temple:   chequers_temple_sunken

Skill      XL: |  1  2  3  4  5  6 |
---------------+-------------------+-----
Axes           | 3 4 5 7 9 |  9.1
Fighting       | |  2.8
Dodging        | |  2.1
Stealth        | |  6.0
Spellcasting   | |  0.3

Action                   |  1- 3 |  4- 6 |  7- 9 || total
-------------------------+-------+-------+-------++-------
Melee: Hand axe          |    45 |   101 |    49 ||   195
 Abil: Heal Wounds       |     2 |    12 |     4 ||    18
Evoke: Wand              |       |     1 |       ||     1
  Use: Scroll            |       |       |     2 ||     2
       Potion            |       |       |     1 ||     1
Armor: Leather armour    |     5 |       |       ||     5
       Scale mail        |    15 |    31 |    31 ||    77
Dodge: Dodged            |    27 |    63 |    33 ||   123

Table legend: (Time is in decaauts)
 A = Elapsed time spent in this place.
 B = Non-inter-level travel time spent in this place.
 C = Inter-level travel time spent in this place.
 D = Time resting spent in this place.
 E = Time spent auto-exploring this place.
 F = Levels seen in this place.
 G = Mean time per level.
                   A        B        C        D        E       F      G
               +--------+--------+--------+--------+--------+-----+--------+
         Total |    619 |    595 |     24 |      0 |      0 |   5 |  123.8 |
       Dungeon |    605 |    581 |     24 |      0 |      0 |   4 |  151.2 |
        Temple |     14 |     14 |      0 |      0 |      0 |   1 |   14.0 |
               +--------+--------+--------+--------+--------+-----+--------+

Top non-repeatable levels by time:
     D:6: 253 daAuts
     D:7: 165 daAuts
     D:4: 113 daAuts
     D:5: 73 daAuts
  Temple: 14 daAuts
